AoeStats
← Mohammad Shah

Arabia

510442226Analyzed
2v2 RM · 15h ago on Oct 1, 2026· 54m 20s· 4 players
Game mode
Random Map
Map size
Medium (4 player)
Population
200
Speed
Normal
Resources
Standard
Victory
Conquest
Starting age
Dark Age
Ending age
Imperial Age
RankedLock teamsTeams togetherTeam positionsShared explorationLock speedFull tech treeHidden civsTurbo modeCheats
Victory
Defeat
🇨🇴 Huns · Colombia
952
+13
🇲🇽 Varangians · Mexico
909
+15
🇨🇦 Malay · Canada
884
-14
🇨🇦 Franks · Canada
884
-14
Mohammad Shah
0:36 Loom
11:58 Feudal Age
11:45 Double-Bit Axe
22:29 Castle Age
21:09 Forging
21:38 Pikeman
22:19 Squires
22:05 Arson
24:38 Husbandry
24:53 Scale Barding Armor
25:10 Gold Mining
26:36 Bow Saw
26:37 Horse Collar
28:41 Iron Casting
30:03 Fletching
30:13 Padded Archer Armor
30:46 Man-at-Arms
34:45 Stone Mining
36:32 Long Swordsman
37:21 Elite Skirmisher
38:07 Thumb Ring
39:08 Wheelbarrow
38:19 Town Watch
46:32 Imperial Age
45:52 Bodkin Arrow
46:13 Leather Archer Armor
46:19 Forced Levy
45:56 Two-Handed Swordsman
48:11 Halberdier
GreatCyrus1404
11:28 Feudal Age
9:49 Loom
11:34 Feudal Age
13:11 Double-Bit Axe
18:32 Castle Age
17:52 Padded Archer Armor
18:07 Scale Barding Armor
18:20 Stone Mining
20:03 Gold Mining
21:35 Wheelbarrow
23:11 Elite Skirmisher
24:21 Husbandry
25:56 Gold Shaft Mining
27:05 Hand Cart
26:36 Town Watch
26:21 Pikeman
32:42 Bow Saw
41:33 Imperial Age
41:56 Cavalier
42:58 Chain Barding Armor
42:48 Forging
42:39 Scale Mail Armor
42:27 Halberdier
44:00 Leather Archer Armor
45:09 Fletching
45:56 Iron Casting
52:14 Light Cavalry
Legatus
10:09 Feudal Age
11:06 Double-Bit Axe
13:21 Horse Collar
18:39 Bloodlines
21:59 Castle Age
22:48 Husbandry
25:05 Forging
25:56 Scale Mail Armor
27:23 Wheelbarrow
28:19 Scale Barding Armor
29:15 Iron Casting
35:14 Stone Mining
35:37 Loom
36:09 Hand Cart
40:22 Imperial Age
38:40 Squires
38:36 Town Watch
38:47 Gold Mining
40:18 Chain Barding Armor
41:22 Chain Mail Armor
41:14 Heavy Plow
45:06 Crop Rotation
45:01 Masonry
44:49 Murder Holes
46:37 Chemistry
45:31 Light Cavalry
46:31 Town Patrol
46:23 Fletching
46:51 Bow Saw
47:37 Plate Mail Armor
48:04 Conscription
49:05 Stone Shaft Mining
49:32 Plate Barding Armor
49:49 Gambesons
50:01 Bodkin Arrow
50:18 Vendel Legacy
54:11 Blast Furnace
53:20 Elite Varangian Guard
54:38 Bracer
55:13 Architecture
VicarialDock950
10:19 Feudal Age
11:08 Double-Bit Axe
11:41 Loom
15:17 Wheelbarrow
17:11 Horse Collar
18:29 Stone Mining
21:25 Castle Age
19:37 Gold Mining
20:40 Forging
21:06 Scale Mail Armor
21:14 Fletching
21:53 Pikeman
25:31 Padded Archer Armor
25:35 Squires
27:31 Bow Saw
27:41 Town Watch
30:52 Chain Mail Armor
31:55 Iron Casting
32:08 Scale Barding Armor
33:19 Marauders
33:44 Bodkin Arrow
34:26 Bloodlines
34:17 Husbandry
35:02 Chain Barding Armor
34:56 Heavy Plow
38:41 Imperial Age
36:38 Hand Cart
38:02 Gold Shaft Mining
38:53 Elite Tarkan
40:47 Blast Furnace
40:23 Plate Barding Armor
40:18 Conscription
42:48 Bracer
44:13 Halberdier
51:17 Heavy Cavalry Archer
52:23 Parthian Tactics
52:10 Thumb Ring
Connection lost

Rejoining the realm…

Still unreachable

The connection could not be restored.

Session expired

The server has moved on; the page needs a fresh start.